 Dungeon Crawl Stone Soup version 0.20.1-1-g8b1a95d (webtiles) character file.

228 Kingsmith the Shield-Bearer (level 5, -1/45 HPs)
             Began as a Minotaur Fighter on Dec 11, 2017.
             Slain by Natasha (9 damage)
             ... on level 2 of the Dungeon.
             The game lasted 00:01:29 (1375 turns).

Kingsmith the Shield-Bearer (Minotaur Fighter)      Turns: 1375, Time: 00:01:29

Health: -1/45      AC: -1    Str: 21    XL:     5   Next: 71%
Magic:  4/4        EV:  8    Int:  5    God:
Gold:   122        SH: 11    Dex: 10    Spells: 4/4 levels left

rFire    . . .     SeeInvis .   a - +0 trident
rCold    . . .     Gourm    .   c - +0 shield
rNeg     . . .     Faith    .   b - +0 scale mail
rPois    .         Spirit   .   (helmet restricted)
rElec    .         Reflect  .   (no cloak)
rCorr    .         Harm     .   (no gloves)
MR       .....                  (no boots)
Stlth    ..........             (no amulet)
Regen    0.2/turn               (no ring)
MPRegen  0.1/turn               (no ring)

@: corroded, slowed, very slow
A: retaliatory headbutt, horns 2
a: no special abilities


You were on level 2 of the Dungeon.
You were hungry.

You visited 1 branch of the dungeon, and saw 2 of its levels.

You collected 122 gold pieces.

Inventory:

Hand Weapons
 a - a +0 trident (weapon)
Armour
 b - a +0 scale mail (worn)
 c - a +0 shield (worn)
Jewellery
 m - a cursed amulet of inaccuracy {unknown}
Scrolls
 g - a scroll of teleportation {unknown}
 h - 4 scrolls of identify {unknown}
 i - a scroll of remove curse {unknown}
 n - a scroll of fear {unknown}
 p - a scroll of enchant weapon {unknown}
Potions
 d - 2 potions of might
 e - 3 potions of lignification {unknown}
 k - a potion of heal wounds {unknown}
 l - 2 potions of flight {unknown}
 o - a potion of magic {unknown}
Comestibles
 f - a bread ration
 j - 2 meat rations


   Skills:
 - Level 3.6 Fighting
 - Level 2.4 Polearms
 - Level 3.6 Armour
 + Level 7.8 Shields


You had 4 spell levels left.
You didn't know any spells.

Dungeon Overview and Level Annotations

Branches:
Dungeon (2/15)

Altars:
Nemelex Xobeh

Annotations:
D:2 Natasha


Innate Abilities, Weirdness & Mutations

You reflexively headbutt those who attack you in melee.
You have a pair of horns on your head.


Message History

You headbutt Natasha, but do no damage. You hit Natasha.
Natasha is severely wounded.
You block Natasha's attack. Natasha barely misses you. You furiously retaliate!
You headbutt Natasha, but do no damage. You hit Natasha but do no damage.
You headbutt Natasha, but do no damage.
Natasha is severely wounded.
Natasha casts a spell.
Natasha casts a spell at you.
You feel as though you will be slow longer.
The ooze quivers.
You hit Natasha but do no damage. Your headbutt misses Natasha.
Natasha is severely wounded.
Natasha barely misses you.
The ooze jiggles.
Natasha claws you.
* * * LOW HITPOINT WARNING * * *
You completely miss Natasha.
Natasha is severely wounded.
Natasha claws you!
You die...

#.# #.# ##########
###.#......# #.#####.#
!........#####.##.....#
........#
÷...÷..÷.##....##.....#
#.#######
.÷.......##.#####.....#
#.#
.......J.##.......#...'
#.#
....÷.J..########.#...#
#.# ....JJ.J.#
#....#.....# #.#
#######h# #.##.#......
#.. ##.(.†.@##
#.#..####... ...
#(######## #.#.....#...
##..'...(# #.#####.#...
####....# #.......#.†.
#.......# ####....##..
#.......# #....###.
#.(.....# #..### #.
#.......# ###..#####.
##.....## #....#...##


You could see Natasha and 2 oozes.

Vanquished Creatures
  2 jellies (D:2)
  Jessica (D:2)
  Natasha (twice) (D:2)
  An adder (D:2)
  6 oozes (D:2)
  2 dart slugs
  2 leopard geckos
  A giant cockroach (D:2)
  3 goblins (D:1)
  6 hobgoblins
  3 jackals (D:1)
  10 kobolds
  A quokka (D:2)
  A ball python (D:2)
  8 bats (D:1)
  A rat (D:1)
50 creatures vanquished.

Vanquished Creatures (others)
  8 fungi (D:2)
  7 toadstools (D:2)
15 creatures vanquished.

Grand Total: 65 creatures vanquished

Notes
Turn   | Place    | Note
-------+----------+-------------------------------------------
     0 | D:1      | Kingsmith the Minotaur Fighter began the quest for the Orb.
     0 | D:1      | Reached XP level 1. HP: 19/19 MP: 0/0
   103 | D:1      | Reached skill level 4 in Shields
   120 | D:1      | Reached XP level 2. HP: 26/26 MP: 1/1
   342 | D:1      | Reached skill level 5 in Shields
   502 | D:1      | Reached XP level 3. HP: 31/31 MP: 2/2
   747 | D:2      | Noticed Natasha
   766 | D:2      | Killed Natasha
   766 | D:2      | Reached XP level 4. HP: 37/39 MP: 3/3
   771 | D:2      | Reached skill level 6 in Shields
   864 | D:2      | Noticed Natasha
   872 | D:2      | Killed Natasha
   918 | D:2      | Found a sparkling altar of Nemelex Xobeh.
  1128 | D:2      | Noticed Jessica
  1133 | D:2      | Killed Jessica
  1335 | D:2      | Reached skill level 7 in Shields
  1335 | D:2      | Reached XP level 5. HP: 41/45 MP: 4/4
  1350 | D:2      | Noticed Natasha
  1375 | D:2      | Slain by Natasha

Skill      XL: |  1  2  3  4 |
---------------+-------------+-----
Shields        | 4 5 7 |  7.8
Fighting       | |  3.6
Polearms       | |  2.4
Armour         | |  3.6

Action                   |  1- 3 |  4- 6 || total
-------------------------+-------+-------++-------
Melee: Trident           |    73 |    68 ||   141
       Headbutt          |     8 |    18 ||    26
  Eat: Chunk             |       |     1 ||     1
Armor: Scale mail        |    21 |    17 ||    38
Dodge: Dodged            |    13 |    14 ||    27
Block: Shield            |    33 |    32 ||    65
